 Dungeon Crawl Stone Soup version 0.31-a0-233-g139696dc86 (webtiles) character file.

Game seed: 10685204391422242844

53 qw the Shooter (level 3, 0/21 HPs)
             Began as a Gargoyle Hexslinger on July 9, 2023.
             Slain by a gnoll
             ... wielding a +0 spear
              (5 damage)
             ... on level 2 of the Dungeon.
             The game lasted 00:00:32 (942 turns).

qw the Shooter (Gargoyle Hexslinger)                 Turns: 942, Time: 00:00:33

Health: 0/21       AC:  8    Str: 11    XL:     3   Next: 89%
Magic:  4/4        EV: 10    Int: 13    God:
Gold:   109        SH:  0    Dex: 14    Spells: 3/4 levels left

rFire   . . .        Y - +1 sling
rCold   . . .        (no shield)
rNeg    + . .        c - +0 ring mail
rPois   inf          (no helmet)
rElec   +            (no cloak)
rCorr   .            (no gloves)
SInv    .            (no boots)
Will    .....        (no amulet)
Stlth   +            (no ring)
HPRegen 0.23/turn    (no ring)
MPRegen 0.09/turn

%: no passive effects
@: no status effects
A: sickness immunity, AC +3, negative energy resistance 1, electricity
resistance, torment resistance 1, petrification resistance
a: no special abilities


You were on level 2 of the Dungeon.
You visited 1 branch of the dungeon, and saw 2 of its levels.

You collected 109 gold pieces.


Innate Abilities, Weirdness & Mutations

You are immune to sickness and miasma.
Your stone body is resilient. (AC +3)
You are immune to poison.
You resist negative energy. (rN+)
You are resistant to electric shocks. (rElec)
You are resistant to unholy torment.
You are immune to petrification.


   Skills:
 - Level 2.0 Fighting
 + Level 3.7 Ranged Weapons
 - Level 1.5 Dodging
 - Level 1.0 Spellcasting
 - Level 2.6 Hexes


You had 3 spell levels left.
You knew the following spells:

 Your Spells              Type           Power      Damage    Failure   Level
a - Slow                  Hex            28%        N/A       22%         1

Your spell library contained the following spells:

 Spells                   Type           Power      Damage    Failure   Level
 Inner Flame              Hex/Fire       4%         N/A       75%         3
 Portal Projectile        Hex/Tloc       8%         N/A       75%         3
 Cause Fear               Hex            3%         N/A       92%         4

Inventory:

Hand Weapons
 Y - a +1 sling (weapon)
Armour
 c - a +0 ring mail (worn)
Scrolls
 b - a scroll of blinking {unknown}
Potions
 a - 2 potions of curing {unknown}
 d - 2 potions of berserk rage {unknown}
 h - 2 potions of degeneration {unknown}
 i - a potion of might {unknown}

Dungeon Overview and Level Annotations

Branches:
Dungeon (2/15)

Altars:

Shops:
D:1 [

Annotations:
D:2 Robin


Message History

The gnoll hits you but does no damage.
A gnoll comes into view. It is wielding a +0 halberd.
A goblin comes into view. It is wielding a +0 dagger.
You shoot a sling bullet.
The sling bullet closely misses the gnoll.
The sling bullet hits Robin but does no damage.
A goblin comes into view. It is wielding a +0 dagger.
The gnoll hits you but does no damage.
Robin roars a battlecry!
The goblins go into a battle-frenzy!
You hear a shout! x4
You shoot a sling bullet. The sling bullet hits the goblin.
The goblin is heavily wounded.
A goblin comes into view. It is wielding a +0 club.
The goblin hits you but does no damage.
A goblin comes into view. It is wielding a +0 club. x2
The gnoll barely misses you. x2
The goblin hits you with a +2 vampiric dagger.
The goblin moves out of view.
You shoot a sling bullet. The sling bullet hits the goblin.
You kill the goblin!
The gnoll hits you from afar with a +0 spear.
A hobgoblin comes into view.
You shoot a sling bullet.
The sling bullet barely misses the hobgoblin.
The goblin shouts!
The gnoll hits you but does no damage. The hobgoblin closely misses you.
A goblin comes into view. It is wielding a +0 club.
You shoot a sling bullet. The sling bullet hits the hobgoblin.
The hobgoblin is almost dead.
A goblin comes into view. It is wielding a +0 club.
The hobgoblin hits you.
The gnoll hits you from afar with a +0 spear.
The gnoll closely misses you. The hobgoblin closely misses you.
The goblin moves out of view.
You shoot a sling bullet. The sling bullet hits the hobgoblin.
You kill the hobgoblin!
A goblin comes into view. It is wielding a +0 club.
The gnoll hits you from afar with a +0 spear.
You die...

#.# #...##..
#.# #...####
. #.# #...#
.g #.# #...#
..g #.#
##### ....
#.# ...gg
#.#
..)ggg####.#
....gg)@...#
.....g######
..... ....
###


You could see Robin, 2 gnolls, 2 hobgoblins and 5 goblins.

Vanquished Creatures
  2 worms (D:2)
  A dart slug (D:2)
  5 ball pythons
  5 endoplasms
  A giant cockroach (D:1)
  6 goblins
  4 hobgoblins
  3 quokkas
  4 bats
  4 frilled lizards
  2 kobolds (D:1)
  7 rats
44 creatures vanquished.

Notes
Turn   | Place    | Note
-------+----------+-------------------------------------------
     0 | D:1      | qw the Gargoyle Hexslinger began the quest for the Orb.
     0 | D:1      | Reached XP level 1. HP: 12/12 MP: 2/2
     0 | D:1      | 0 ||| qw: Version: 0.3-a-51-g015441d
     0 | D:1      | 0 ||| qw: Game counter: 3952
     0 | D:1      | 0 ||| qw: Melee chars always use a shield: true
     0 | D:1      | 0 ||| qw: God list: Okawaru
     0 | D:1      | 0 ||| qw: Allow faded altars: false
     0 | D:1      | 0 ||| qw: Do Orc after clearing Dungeon:15 true
     0 | D:1      | 0 ||| qw: Do second Lair branch before Depths: true
     0 | D:1      | 0 ||| qw: Lair rune preference: random
     0 | D:1      | 0 ||| qw: Goals: Normal
     0 | D:1      | 0 ||| PLANNING D:1-11
    81 | D:1      | Reached XP level 2. HP: 16/16 MP: 3/3
   146 | D:1      | Reached skill level 3 in Ranged Weapons
   224 | D:1      | Noticed an animated pearl dragon scales
   225 | D:1      | Found Voumnopa's Armour Emporium.
   228 | D:1      | Noticed an animated crystal plate armour
   234 | D:1      | 234 ||| UPGRADING to +0 leather armour.
   246 | D:1      | 246 ||| DROPPING +0 robe.
   250 | D:1      | 250 ||| SHOPLISTING +0 pair of boots (63 gold, have 39).
   250 | D:1      | 250 ||| SHOPLISTING +0 ring mail (56 gold, have 39).
   285 | D:1      | Reached XP level 3. HP: 21/21 MP: 4/4
   285 | D:1      | 285 ||| UPGRADING to +0 ring mail.
   295 | D:1      | 295 ||| DROPPING +0 leather armour.
   500 | D:1      | 500 ||| READING scroll labelled MICLIN LIDDUDEE.
   501 | D:1      | 501 ||| READING scroll labelled ERRIWA YXELAIN.
   502 | D:1      | 502 ||| READING scroll labelled YPPEOHO REAS.
   503 | D:1      | 503 ||| DROPPING scroll of poison.
   878 | D:2      | Found a faded altar of an unknown god.
   933 | D:2      | Noticed Robin
   941 | D:2      | HP: 5/21 [gnoll/+0 spear (6)]
   942 | D:2      | Slain by a gnoll

Levels and vault maps discovered:
D:1:      spicycebolla_arrival_clurvy, layout_rooms, serial_shops,
          nicolae_shop_mannequins, minivault_23
D:2:      layout_basic, basic_ecumenical_altar, uniq_robin

Skill      XL: |  1  2  3 |
---------------+----------+-----
Ranged Weapons | 3 |  3.7
Fighting       | 2 |  2.0
Dodging        | |  1.5
Spellcasting   | |  1.0
Hexes          | |  2.6

Action                     || total
---------------------------++-------
   Fire: Sling             ||   148
    Use: Scroll            ||     3
 Armour: Robe              ||     4
         Ring mail         ||    30
  Dodge: Dodged            ||    53

Table legend:
 A = Non-vault XP
 B = Vault XP
 C = Vault XP percentage of total XP
 D = Non-vault monster count
 E = Vault monster count
 F = Vault count percentage of total count
                 A         B        C        D         E       F
            +---------+---------+-------+---------+---------+-------
      Total |      75 |       4 |   5.1 |      42 |       2 |   4.5
            +---------+---------+-------+---------+---------+-------
        D:1 |      41 |       0 |   0.0 |      25 |       0 |   0.0
        D:2 |      34 |       4 |  10.5 |      17 |       2 |  10.5
            +---------+---------+-------+---------+---------+-------
